[Event "CCT Julius Baer-D3 2024"]
[Site "Online"]
[Date "2024.09.29"]
[Round "4"]
[White "Caruana, Fabiano"]
[Black "Keymer, Vincent"]
[Result "1-0"]
[ECO "A29"]
[WhiteElo "2798"]
[BlackElo "2730"]
[Annotator "TA"]
[PlyCount "55"]
[EventDate "2024.09.25"]
[EventType "swiss"]
[EventCountry "NET"]
[SourceTitle "playchess.com"]
[Source "ChessBase"]
[SourceQuality "1"]
[TimeControl "600+2"]

1. c4 Nf6 2. Nc3 e5 3. Nf3 Nc6 4. g3 Bb4 5. Bg2 O-O 6. Nd5 e4 {[%emt 0:00:17] And now ...Nxd5 would win.} 7. Nh4 $1 d6 8. O-O g5 {[%emt 0:00:03] Black has an edge.} 9. d4 $1 h6 10. g4 Re8 (10... gxh4 $11 {keeps the balance.} 11. h3 Nxd5 12. cxd5 Ne7) 11. Nf5 $36 {[%emt 0:00:05][%mdl 2048] White is in control.} Nxg4 (11... Bxf5 $16 12. gxf5 Rc8) 12. f3 $18 exf3 13. exf3 Nxh2 14. Nxh6+ Kg7 15. Kxh2 Rh8 16. a3 (16. Bxg5 $2 Qxg5 17. Kg1 Qxh6 $19 (17... Rxh6 $2 18. f4 $19)) 16... Ba5 17. b4 (17. Bxg5 $2 Qxg5 18. Kg1 Rxh6 $19) 17... Rxh6+ 18. Kg1 Bh3 (18... Rh5 $142 19. bxa5 Rb8) 19. Ra2 (19. bxa5 Bxg2 20. Kxg2 Qd7 21. Bxg5 (21. Rh1 Rxh1 22. Qxh1 Rh8 $16) 21... Rg6 $18) 19... Bb6 {[%emt 0:00:33] [#]} 20. c5 $1 Be6 {[%emt 0:00:03] [#]} 21. f4 $1 gxf4 22. cxb6 Qh4 {[%emt 0:00:19] Hoping for ...Qh2+.} 23. Rxf4 $2 (23. Bxf4 $18 Rg6 24. Ne3 (24. Nxc7 Bxa2 25. Nxa8 Bd5 $17)) 23... Qh2+ $14 24. Kf1 Rg6 $2 (24... Qh1+ $14 25. Bxh1 Rxh1+ 26. Ke2 Rxd1 27. Kxd1 Bxd5 28. Rg4+ Kf6 29. Rf2+ Ke6) 25. Qf3 $18 (25. bxc7 Bxd5 26. Qc2 Re8 $11 (26... Bxg2+ 27. Qxg2 Qxg2+ 28. Rxg2 $17) (26... Bxa2 27. Qxa2 Qxg2+ 28. Qxg2 $11) (26... Bxg2+ 27. Qxg2 Qxg2+ 28. Rxg2 $17) (26... Bxa2 27. Qxa2 f6 28. Qe2 $17)) 25... Rg3 26. Qe4 {[%emt 0:00:03] aiming for Rh4.} Re8 27. Rh4 Rh3 28. Qh7+ {[%emt 0:00:03] Weighted Error Value: White=0.18 (very precise) /Black=0.78.  Loses game:     	---       	Black=1      Missed win:     	White=1     	---        Mistake:       	---       	Black=3      Inaccurate:     	White=1     	Black=1      OK:         	White=3     	Black=8      Best:        	White=6     	Black=2      Strong:       	White=4     	---} 1-0

[Event "CCT Julius Baer-D3 2024"]
[Site "Online"]
[Date "2024.09.29"]
[Round "4"]
[White "Keymer, Vincent"]
[Black "Caruana, Fabiano"]
[Result "1/2-1/2"]
[ECO "D15"]
[WhiteElo "2730"]
[BlackElo "2798"]
[Annotator "TA"]
[PlyCount "147"]
[EventDate "2024.09.25"]
[EventType "swiss"]
[EventCountry "NET"]
[SourceTitle "playchess.com"]
[Source "ChessBase"]
[SourceQuality "1"]
[TimeControl "600+2"]

1. c4 Nf6 2. Nf3 c6 3. Nc3 d5 4. e3 a6 5. d4 Bf5 6. Nh4 {[%emt 0:00:06] D15: Slav Defence: 4 Nc3 a6 and gambit lines after 4 Nc3 dxc4.} Bc8 7. h3 e6 8. Nf3 Nbd7 9. Qc2 Bd6 10. Be2 dxc4 11. a4 $146 ({Predecessor:} 11. Bxc4 b5 12. Bd3 Bb7 13. a4 Rc8 14. O-O O-O 15. Qe2 Rc7 16. Rd1 b4 17. Ne4 Nxe4 18. Bxe4 Qa8 19. b3 {½-½ Giaccio,A (2390)-Juarez,A (2295) Buenos Aires CC Jaque Mate op 1995}) 11... O-O 12. O-O e5 13. Bxc4 exd4 14. Nxd4 Ne5 15. Be2 Ng6 16. Rd1 Qe7 17. Nf5 Bxf5 18. Qxf5 Rad8 19. Bd2 h6 20. Be1 Nh4 21. Qc2 Qe6 22. Rd3 Bc7 23. Rad1 Rxd3 24. Qxd3 Rd8 25. Qc4 Rxd1 26. Nxd1 Qxc4 27. Bxc4 Ng6 28. f4 Ne7 29. Kf2 b5 30. Bd3 Nd7 31. axb5 cxb5 32. Kf3 Nc5 33. Bb1 Nd5 34. g3 Nb6 35. e4 Nc4 36. e5 Bb6 37. Ba2 Nd3 38. Bc3 Na5 {[%emt 0:00:29] [#]} 39. Bd5 $1 Nc4 40. Bxc4 bxc4 41. Ke4 g5 (41... Bg1 $16 {keeps fighting.} 42. Kf3 Kh7) 42. f5 $18 h5 43. g4 h4 44. Bd2 Bc7 (44... Bd8 {was worth a try.} 45. f6 Bc7) 45. e6 fxe6 (45... Bd8 {was called for.} 46. b3 fxe6 47. fxe6 (47. bxc4 Nc5+ 48. Kf3 Kf7 $14) 47... Nf4 (47... Nc5+ $2 48. Kd5 $18)) 46. fxe6 $18 Bf4 47. Bc3 (47. Bxf4 $142 Nxf4 48. Ke5) 47... Bc1 48. Kf5 Kf8 {[%emt 0:00:01] [#]} 49. Kg6 $2 (49. Bf6 $1 $18) 49... Ke7 $11 50. Kf5 Ke8 $2 (50... Kf8 $1 $11) 51. Bf6 $18 a5 52. Bc3 $2 ({White should try} 52. Nc3 $18) 52... a4 53. Bf6 Bd2 54. Bd4 Nf4 55. Ke4 $2 (55. Kxg5 $2 {loses.} Nxe6+ (55... Nxh3+ 56. Kxh4 Ng5 57. Kh5 $11) 56. Kf6 Nxd4 $19) (55. Nf2 $1 $11 {and White is okay.}) 55... Nxh3 $19 (55... Nxe6 56. Bf6 $19) 56. Kd5 Nf4+ 57. Kxc4 h3 (57... Nxe6 $2 58. Bb6 $19) 58. Bg1 Ne2 59. Bh2 Bf4 60. Bxf4 gxf4 61. Nf2 h2 62. g5 Ke7 63. Kd5 Ng3 $2 ({Better is} 63... f3 $19 {...Nf4+ would now be deadly.} 64. Nh1 Nf4+ 65. Ke4 f2 (65... Nxe6 66. Kxf3 Nxg5+ 67. Kg2 $11) 66. Nxf2 Nh3 (66... Nxe6 67. Kf3 $11)) 64. g6 $11 Kf6 (64... Kf8 {is interesting.} 65. Ke5 h1=Q 66. Nxh1 Nxh1 67. Kxf4 Nf2) 65. Ng4+ Kxg6 66. Nxh2 Kf6 67. Ng4+ Ke7 68. Ne5 Nf5 69. Ng6+ Kf6 70. Nxf4 Ne3+ 71. Kd4 (71. Kc5 $5 Nf5 $8 72. Nd5+ Kxe6 73. Nb6 $11) 71... Nd1 72. Nd5+ Kxe6 73. Nc3 Nxb2 74. Nxa4 1/2-1/2

[Event "CCT Julius Baer-D3 2024"]
[Site "Online"]
[Date "2024.09.29"]
[Round "4"]
[White "Korobov, Anton"]
[Black "Moussard, Jules"]
[Result "0-1"]
[ECO "B86"]
[WhiteElo "2650"]
[BlackElo "2600"]
[Annotator "TA"]
[PlyCount "130"]
[EventDate "2024.09.25"]
[EventType "swiss"]
[EventCountry "NET"]
[SourceTitle "playchess.com"]
[Source "ChessBase"]
[SourceQuality "1"]
[TimeControl "600+2"]

1. e4 c5 2. Nf3 d6 3. d4 cxd4 4. Nxd4 Nf6 5. Nc3 a6 6. Bc4 e6 7. a4 Be7 8. O-O O-O 9. Be3 Bd7 10. f4 Nc6 11. Kh1 Rc8 12. Bd3 Qc7 13. Qe1 Na5 14. Rd1 Nc4 15. Bc1 Rfe8 16. b3 Ne3 17. Bxe3 Qxc3 18. Qg3 g6 19. f5 exf5 20. exf5 Nh5 21. Qf3 Bf6 22. fxg6 hxg6 23. Bg1 Re7 24. Be4 Qxf3 25. Bxf3 Bxd4 26. Rxd4 Bc6 $1 27. c4 Bxf3 28. Rxf3 Re6 29. Rfd3 Rc6 30. g4 Nf6 31. Kg2 Nd7 32. Rf3 Nc5 33. Rdf4 Re7 (33... Rc7 $11) 34. a5 (34. Bd4 $14) 34... Nd7 (34... Rcc7 $11) 35. Re3 (35. Bd4 $16) 35... Re5 36. h4 Kf8 (36... f6 $11) 37. Ref3 $1 $14 Re2+ 38. Kf1 Re7 39. Bd4 Ne5 ({Black should try} 39... Nc5 $14) 40. Re3 $16 Re6 41. Kg2 ({Better is} 41. c5 $16 {Hoping for cxd6.} Ke7 42. g5) 41... Ke7 42. Kg3 Rc8 {[%emt 0:00:07] [#]} (42... f6 $14) 43. c5 $1 $18 Nc6 44. Bf6+ Kd7 45. Rxe6 Kxe6 46. cxd6 Kxd6 $2 (46... Rg8 {is a better defense.} 47. Kf3 Kxd6) 47. h5 $18 gxh5 48. gxh5 Ne7 49. h6 Nd5 50. Rd4 (50. Rf3 $142) 50... Ke6 $18 51. Bg7 Ne7 $2 (51... Rc3+ $16 52. Kg4 f5+ 53. Kh5 (53. Kh4 Rc1 $16) 53... Nf6+ 54. Bxf6 Kxf6) 52. Re4+ $18 Kd6 53. Kf4 ({Worse is} 53. h7 Nf5+ 54. Kf2 Nxg7 $11) 53... Ng6+ 54. Kg5 (54. Kf5 $142) 54... Rc1 $18 55. Rb4 Rg1+ 56. Kf5 $2 ({White has to play} 56. Rg4 $18 Rh1 57. Rg3) 56... Rf1+ $2 {[%emt 0:00:01][%mdl 8192] [#]} (56... Ne7+ $11 {and Black has nothing to worry.} 57. Kf6 Nd5+ 58. Kxf7 Nxb4 (58... Rf1+ 59. Kg8 $11) 59. Bf8+ Ke5 60. Bxb4 Rf1+ 61. Kg8 Rg1+ 62. Kf8 Rh1 63. Bc3+ Ke6) 57. Kg4 $1 $18 Rg1+ 58. Kf3 Kc6 $2 (58... Kc7 59. Rb6 Rh1) 59. Rb6+ $18 Kc7 60. Rxg6 fxg6 61. h7 Rh1 62. h8=Q Rxh8 63. Bxh8 Kc6 64. b4 $2 (64. Bd4 {mates} Kb5 65. Bc3 Kc6 66. Kg4 b6 67. axb6 Kxb6 68. b4 g5 69. Kxg5) 64... b6 $1 $11 65. axb6 Kxb6 0-1

[Event "CCT Julius Baer-D3 2024"]
[Site "Online"]
[Date "2024.09.29"]
[Round "4"]
[White "Moussard, Jules"]
[Black "Korobov, Anton"]
[Result "1-0"]
[ECO "B72"]
[WhiteElo "2600"]
[BlackElo "2650"]
[Annotator "RC"]
[PlyCount "153"]
[EventDate "2024.09.25"]
[EventType "swiss"]
[EventCountry "NET"]
[SourceTitle "playchess.com"]
[Source "ChessBase"]
[SourceQuality "1"]
[TimeControl "600+2"]

1. e4 c5 2. Nf3 d6 3. d4 cxd4 4. Nxd4 Nf6 5. Nc3 a6 6. Bd3 g6 7. f3 Bg7 8. Be3 O-O 9. Qd2 Nc6 10. O-O-O Nxd4 11. Bxd4 Be6 12. h4 Rc8 13. Kb1 b5 14. h5 b4 15. Ne2 Qa5 16. b3 Rc5 17. hxg6 hxg6 18. g4 Rfc8 19. Nf4 Bd7 20. Qh2 Bb5 21. Rd2 Bxd3 22. Nxd3 R5c6 23. Bb2 e5 24. Qe2 Qb5 25. Nc1 Qxe2 26. Nxe2 Ne8 27. a3 a5 28. Nc1 bxa3 29. Bxa3 a4 30. Rhh2 Rc3 31. Rdf2 axb3 32. Nxb3 Bf6 33. Bb2 R3c6 34. Rd2 Nc7 35. f4 Ne6 36. fxe5 Bxe5 37. Rhe2 Ng5 38. Rd5 Nf3 39. Rf2 Bxb2 40. Kxb2 Ne5 41. g5 Nc4+ 42. Kc1 Ne3 43. Rdd2 Rc3 44. Kb2 R3c6 45. Kc1 Re8 46. Rd3 Nc4 47. Rh3 Rxe4 48. Rf1 Rg4 49. Rfh1 Rxg5 50. Rh8+ Kg7 51. R8h7+ Kf8 52. Rh8+ Ke7 53. Ra8 Ne5 54. Ra7+ Kf8 55. Nd4 Kg8 56. Nxc6 Nxc6 57. Rd7 d5 58. Rf1 Ne5 59. Rxd5 Kg7 60. c4 f6 61. c5 Rg4 62. Kc2 g5 63. Kb3 Rg3+ 64. Kb4 Rg2 65. Rc1 Rb2+ 66. Ka3 Rb7 67. Ka4 g4 68. Ka5 Kg6 69. c6 Rc7 70. Kb6 Rxc6+ 71. Rxc6 Nxc6 72. Kxc6 f5 73. Rd8 f4 74. Kd5 Kf5 75. Rf8+ Kg5 76. Ke4 f3 77. Ke3 1-0